Selects Airborne Battlegroup
Selects Heavy Machine Gun Paradrop
Heavy Machine Gun Paradrop
Selects Paratrooper Squad Paradrop
Paratrooper Squad Paradrop
M1918 Browning Automatic Rifles
Construct Medical Station
Paratrooper Squad Paradrop
Paratrooper Squad Paradrop
M18 Hellcat Tank Destroyer
M18 Hellcat Tank Destroyer
Selects Smoke Bombing Run
Selects Carpet Bombing Run
M18 Hellcat Tank Destroyer
Paratrooper Squad Paradrop